cohdb
Replays
Latest Replays
All Replays
Popular Replays
Top Player Replays
Match Explorer
How It Works
Community
CoH3 Stats
Reddit
Sign in to upload your games and track your stats! →
Sign in with Steam
Match 45781095
Unlisted
Match 45781095
Overview
Messages
Build Orders
End
Pioneer Squad
Construct Infanterie Kompanie
Grenadier Squad
Selects Breakthrough Battlegroup
Selects Assault Grenadiers
Grenadier Squad
MG 42 Machine Gun Team
Grenadier Squad
Construct Panzergrenadier Kompanie
Construct Luftwaffe Kompanie
Medical Station
221 Scout Car
Selects Rapid Production
Sniper
Construct Panzer Kompanie
Stoßtruppen Squad
Panzer Officer Quarters
Callsign: "Clowndog Zulu"
MasterStef
0
0
Comments
sign in to comment!
No comments posted yet!